 Dungeon Crawl Stone Soup version 0.29.1-2-gbd0b4ee654 (webtiles) character file.

Game seed: 3854879558899308201

73 Anriel the Slasher (level 4, -6/34 HPs)
             Began as a Human Gladiator on Nov 1, 2022.
             Killed from afar by an orc wizard (8 damage)
             ... with a puff of flame
             ... on level 2 of the Dungeon.
             The game lasted 00:04:43 (856 turns).

Anriel the Slasher (Human Gladiator)                 Turns: 856, Time: 00:04:47

Health: -6/34      AC:  4    Str: 15 (16) XL:     4   Next: 51%
Magic:  4/4        EV: 12    Int:  6 (8)  God:
Gold:   90         SH:  0    Dex: 13 (15) Spells: 3/3 levels left

rFire   . . .      SeeInvis .   a - +0 long sword
rCold   . . .      Faith    .   (no shield)
rNeg    . . .      Spirit   .   b - +0 leather armour
rPois   .          Reflect  .   c - +0 helmet
rElec   .          Harm     .   (no cloak)
rCorr   .          Rampage  .   (no gloves)
Will    .....                   (no boots)
Stlth   +.........              (no amulet)
HPRegen 0.11/turn               (no ring)
MPRegen 0.09/turn               (no ring)

@: mighty, hasted, very quick
A: no striking features
a: no special abilities


You were on level 2 of the Dungeon.
You visited 1 branch of the dungeon, and saw 2 of its levels.

You collected 90 gold pieces.

Inventory:

Hand Weapons
 a - a +0 long sword (weapon)
Missiles
 d - 3 throwing nets
 e - a javelin (quivered)
Armour
 b - a +0 leather armour (worn)
 c - a +0 helmet (worn)
Scrolls
 f - a scroll of enchant armour {unknown}
 g - a scroll of amnesia {unknown}
 h - 2 scrolls of identify {unknown}
 l - a scroll of enchant weapon {unknown}
Potions
 m - a potion of flight {unknown}


   Skills:
 + Level 2.5 Fighting
 + Level 3.8 Long Blades
 + Level 2.0 Throwing
 * Level 1.5 Armour
 + Level 3.4 Dodging


You had 3 spell levels left.
You didn't know any spells.
Your spell library contained the following spells:

 Spells                   Type           Power      Damage    Failure   Level
 Ensorcelled Hibernation  Hex/Ice        0%         N/A       67%         2
 Spider Form              Tmut/Pois      0%         N/A       88%         3
 Anguish                  Hex/Necr       0%         N/A       99%         4


Dungeon Overview and Level Annotations

Branches:
Dungeon (2/15)

Altars:


Message History

You bump into the rock wall.
The orc wizard gestures at you while chanting.
You are more confused.
You completely miss the orc wizard.
The orc wizard is severely wounded.
The orc wizard hits you with a +0 dagger.
You bump into the rock wall.
The orc wizard completely misses you.
You bump into the rock wall.
The orc wizard barely misses you.
You closely miss the orc wizard.
The orc wizard is severely wounded.
The orc wizard closely misses you.
The orc wizard mumbles some strange words.
The orc wizard flickers and vanishes!
Deactivating autopickup; reactivate with Ctrl-A.
You bump into the rock wall.
Something hits you.
You bump into the rock wall.
Something hits you but does no damage.
The orc priest calls down the wrath of Beogh upon you.
You hit something but do no damage. Something barely misses you.
You bump into the rock wall.
Something hits you but does no damage.
You hit something but do no damage.
You feel less confused. Something hits you.
You miss something. Something hits you but does no damage.
The orc priest invokes the aid of Beogh against you.
Beogh smites you!
* * * LOW HITPOINT WARNING * * *
You barely miss something. Something hits you but does no damage.
It was a potion of might.
You feel very mighty all of a sudden. Something hits you.
* * * LOW HITPOINT WARNING * * *
It was a potion of haste.
You feel yourself speed up. Something hits you but does no damage.
It was a potion of degeneration.
There was something very wrong with that liquid.
You feel weakened.
You feel dopey.
You feel clumsy.
You hear some strange, mumbled words.
A puff of flame appears from out of thin air!
The puff of flame hits you!
You die...

### ### #####
..######.#######.#.#
..............#....###
(.......<#......<....#
..########.##.####.#.#
...........#.....#.#.#
.....###########@#.#.#
..##.# ...#{#.#.# ..#
.# #####.#o#.#.# ..# #
#..o...o#.#.# ..#
#o####.##.#.# ..##
#.##.# ...# #.##.#
#..# #....# #.....
######


You could see an orc priest and an orc.

Vanquished Creatures
  An orc wizard (D:2)
  An adder (D:2)
  2 dart slugs
  An orc (D:2)
  4 endoplasms (D:1)
  3 giant cockroaches (D:1)
  A goblin (D:1)
  4 hobgoblins (D:1)
  A quokka (D:1)
  7 bats
  A frilled lizard (D:1)
  3 kobolds (D:2)
  4 rats (D:1)
33 creatures vanquished.

Vanquished Creatures (others)
  2 plants (D:2)
2 creatures vanquished.

Grand Total: 35 creatures vanquished

Notes
Turn   | Place    | Note
-------+----------+-------------------------------------------
     0 | D:1      | Anriel the Human Gladiator began the quest for the Orb.
     0 | D:1      | Reached XP level 1. HP: 16/16 MP: 1/1
    59 | D:1      | Reached XP level 2. HP: 19/22 MP: 2/2
   321 | D:1      | Reached XP level 3. HP: 21/27 MP: 3/3
   682 | D:2      | Reached skill level 1 in Armour
   734 | D:2      | Found a faded altar of an unknown god.
   825 | D:2      | Reached XP level 4. HP: 34/34 MP: 4/4
   856 | D:2      | Killed from afar by an orc wizard

Illustrated notes

Levels and vault maps discovered:
D:1:      scummos_arrival_hexagon, layout_rooms, serial_bayou_crossing
D:2:      layout_basic, dilly_ecumenical_altar_fadedgnrine,
          nicolae_kite_square_tiling_tiny

Skill      XL: |  1  2  3 |
---------------+----------+-----
Armour         | 1 |  1.5
Fighting       | |  2.5
Long Blades    | |  3.8
Throwing       | |  2.0
Dodging        | |  3.4

Action                   |  1- 3 |  4- 6 || total
-------------------------+-------+-------++-------
Melee: Long sword        |    87 |    22 ||   109
       Punch             |     1 |       ||     1
  Use: Potion            |       |     3 ||     3
Armor: Leather armour    |    29 |    10 ||    39
Dodge: Dodged            |    54 |    10 ||    64
